 Dungeon Crawl Stone Soup version 0.28.0 (webtiles) character file.

Game seed: 17733560275794690730

219 AmazingTV the Skirmisher (level 5, -3/47 HPs)
             Began as a Minotaur Hunter on Mar 23, 2024.
             Slain by a lemure (7 damage)
             ... led by Pikel
             ... on level 4 of the Dungeon.
             The game lasted 00:09:23 (4058 turns).

AmazingTV the Skirmisher (Minotaur Hunter)          Turns: 4058, Time: 00:09:23

Health: -3/47      AC:  4    Str: 19    XL:     5   Next: 64%
Magic:  4/4        EV: 11    Int:  8    God:
Gold:   196        SH:  0    Dex: 10    Spells: 4/4 levels left

rFire   . . .      SeeInvis .   b - +1 short sword (protect) {short}
rCold   . . .      Faith    .   (no shield)
rNeg    . . .      Spirit   .   c - +0 leather armour
rPois   +          Reflect  .   (helmet restricted)
rElec   .          Harm     .   (no cloak)
rCorr   .          Rampage  .   (no gloves)
Will    .....                   h - +0 pair of boots
Stlth   +.........              (no amulet)
HPRegen 0.15/turn               j - ring of poison resistance
MPRegen 0.09/turn               (no ring)

@: no status effects
A: horns 2, retaliatory headbutt
a: no special abilities


You were on level 4 of the Dungeon.
You visited 1 branch of the dungeon, and saw 4 of its levels.

You collected 196 gold pieces.


Innate Abilities, Weirdness & Mutations

You have a pair of horns on your head.
You reflexively headbutt those who attack you in melee.


   Skills:
 + Level 4.5 Fighting
 + Level 3.7 Axes
 - Level 4.3 Slings
 + Level 3.6 Armour
 - Level 2.1 Dodging
 - Level 0.7 Stealth


You had 4 spell levels left.
You didn't know any spells.
Your spell library contained the following spells:

 Spells                   Type           Power      Damage    Failure   Level
 Corpse Rot               Necr/Air       0%         N/A       58%         2
 Poisonous Vapours        Pois/Air       0%         N/A       58%         2

Inventory:

Hand Weapons
 a - a +1 hunting sling {sling}
 b - a +1 short sword of protection (weapon) {short}
   (You took it off a kobold on level 1 of the Dungeon)
 g - a +0 short sword {short}
 r - a +0 dagger of protection {short}
   (You found it on level 3 of the Dungeon)
Missiles
 d - 17 sling bullets
 e - 46 stones
 f - 19 arrows
 q - 4 poisoned darts (quivered)
 v - 21 bolts
Armour
 c - a +0 leather armour (worn)
 h - a +0 pair of boots (worn)
   (You found it on level 1 of the Dungeon)
 t - the +3 plate armour of the Engineer {Harm Int-5 Dex+5}
   (You found it on level 3 of the Dungeon)

   Int:       It affects your intelligence (-5).
   Dex:       It affects your dexterity (+5).
   Harm:      It increases damage dealt and taken.
Jewellery
 j - a ring of poison resistance (left hand)
   (You found it on level 1 of the Dungeon)
Scrolls
 i - a scroll of holy word {unknown}
 m - a scroll of fear {unknown}
 p - a scroll of noise {unknown}
 s - a scroll of vulnerability {unknown}
Potions
 k - a potion of mutation {unknown}
 l - a potion of haste {unknown}
 n - a potion of might {unknown}
 o - a potion of heal wounds {unknown}
 u - 2 potions of degeneration {unknown}

Dungeon Overview and Level Annotations

Branches:
Dungeon (4/15)
 Temple: D:4-7

Altars:
Makhleb

Annotations:
D:4 Menkaure, Natasha

###### ?.....
##########...... .
####........#...... # .
#....o†.o##.#..... .
####. .#
#....###.g....###..#
......#
.####.o..#####5.........
.......
..........####.5@....[..
...$...
........................
.M.>...
.....#....)........#....
.......
.o......................
.......
......#..##.##....##....
.......
......#.h.#.####### ##..
....... ..#...#...#.# #
. .......
#.........#.##....
###.##.............


You could see 2 lemures, an orc priest, an orc and a hobgoblin.


Message History

u - 2 murky white potions (gained 1)
Things that are here:
a +0 dagger {short}; a +0 ring mail A lemure comes into view.
A lemure comes into view.
Found two stone staircases leading down.
A goblin and a ball python come into view.
The goblin shouts!
The ball python hisses angrily.
Natasha closely misses you. You furiously retaliate!
You headbutt Natasha! You closely miss Natasha. Natasha claws you. 😕 HP[-2]
You take 2 damage, and now have 45/47 hp.
You hit Natasha.
Your weapon exudes an aura of protection.
You kill Natasha!
Natasha yowls pathetically as she dies!
You hit the goblin.
You kill the goblin!
Things that are here:
9 gold pieces; the felid corpse of Natasha You barely miss the lemure.
You headbutt the lemure, but do no damage.
The lemure closely misses you. You furiously retaliate!
You headbutt the lemure. The ball python bites you.
The ball python closely misses you.
You barely miss the ball python. The lemure hits you but does no damage.
The ball python bites you but does no damage.
The ball python grabs you. The ball python constricts you.
You escape the ball python's grasp.
You closely miss the ball python. The ball python barely misses you.
You furiously retaliate!
You headbutt the ball python. The ball python misses you.
The ball python barely misses you. x2
You barely miss the ball python. You headbutt the ball python.
You kill the ball python!
A hobgoblin comes into view. 😕 HP[+1]
You closely miss the lemure. Your headbutt misses the lemure.
The lemure hits you. 😕 HP[-6]
You take 6 damage, and now have 40/47 hp.
You hit the lemure.
Your weapon exudes an aura of protection.
The lemure hits you but does no damage.
You closely miss the lemure. The lemure barely misses you.
You furiously retaliate!
You headbutt the lemure. The lemure hits you but does no damage.
You miss the lemure. You punch the lemure, but do no damage.
The lemure hits you. 😕 HP[-2]
You take 2 damage, and now have 38/47 hp.
You hit the lemure but do no damage.
Your weapon exudes an aura of protection.
Your punch misses the lemure. The lemure closely misses you.
You miss the lemure. The lemure misses you.
You hit the lemure but do no damage. You headbutt the lemure!
The lemure barely misses you.
You closely miss the lemure. The lemure barely misses you.
You closely miss the lemure. The lemure hits you. 😮 HP[-5]
You take 5 damage, and now have 33/47 hp.
You closely miss the lemure.
The hobgoblin shouts!
The lemure hits you! 😮 HP[-7]
You take 7 damage, and now have 26/47 hp.
You hit the lemure.
Your weapon exudes an aura of protection.
The lemure hits you. 😮 HP[-2]
You take 2 damage, and now have 24/47 hp.
You closely miss the lemure. The lemure hits you.
* * * LOW HITPOINT WARNING * * *
😨 HP[-2]
You take 2 damage, and now have 22/47 hp. 2 orc priests come into view.
The orc priest shouts! x2
The orc priest calls down the wrath of Beogh upon you.
Beogh smites you!
* * * LOW HITPOINT WARNING * * *
😨 HP[-10]
You take 10 damage, and now have 12/47 hp.
MASSIVE DAMAGE!! (PAUSE)
An orc comes into view. It is wielding a +0 hand axe.
Found a whip.
Found a burning altar of Makhleb. 😨 HP[+1]
The orc priest miscasts a cantrip.
Natasha, Servant of Life and Death comes into view. 😨 HP[+1]
The orc priest mumbles some strange prayers to Beogh against you.
Beogh smites you!
* * * LOW HITPOINT WARNING * * *
😱 HP[-11]
You take 11 damage, and now have 3/47 hp.
MASSIVE DAMAGE!! (PAUSE)
You see here 8 gold pieces. 😱 HP[+1]
There is a stone staircase leading up here.
The lemure hits you!
You die...

Skill      XL: |  1  2  3  4 |
---------------+-------------+-----
Axes           | 1 2 3 |  3.7
Armour         | 1 2 3 |  3.6
Fighting       | 3 4 |  4.5
Slings         | |  4.3
Dodging        | |  2.1
Stealth        | |  0.7

Action                   |  1- 3 |  4- 6 || total
-------------------------+-------+-------++-------
Melee: Short sword       |    37 |    44 ||    81
       Headbutt          |     6 |     6 ||    12
       Punch             |       |     3 ||     3
 Fire: Hunting sling     |    74 |    20 ||    94
Throw: Dart              |       |     4 ||     4
Armor: Leather armour    |    17 |    12 ||    29
Dodge: Dodged            |    26 |    36 ||    62

Levels and vault maps discovered:
D:1:      dpeg_arrival_fog, layout_loops_ring, serial_co_window_serial,
          co_window_paths_a, co_window_paths_b, co_window_corner_a,
          co_window_corner_a, co_window_paths_a, co_window_of_opportunity_a,
          co_window_paths_b, co_window_paths_b, co_window_corner_a,
          co_window_unsneaky_path_a, co_window_broadway_c,
          co_window_unsneaky_path_c, co_window_broadway_a,
          co_window_unsneaky_path_c, co_window_broadway_a, co_window_paths_e,
          co_window_paths_d, glass_columns_b, glass_columns_a
D:2:      layout_basic
D:3:      layout_loops_ring, ebering_ecumenical_altar_mist
D:4:      layout_rooms, bloody_makhleb, uniq_menkaure, uniq_natasha, uniq_pikel

Notes
Turn   | Place    | Note
-------+----------+-------------------------------------------
     0 | D:1      | AmazingTV the Minotaur Hunter began the quest for the Orb.
     0 | D:1      | Reached XP level 1. HP: 18/18 MP: 0/0
     0 | D:1      | magus.rc [v1.9.6]
   436 | D:1      | Reached skill level 1 in Axes
   436 | D:1      | Reached skill level 1 in Armour
   436 | D:1      | Reached XP level 2. HP: 25/25 MP: 1/1
   632 | D:1      | Reached skill level 3 in Fighting
  1628 | D:2      | Reached XP level 3. HP: 31/31 MP: 2/2
  1753 | D:2      | You pick up a book of Vapours and begin reading...
  1753 | D:2      | You add the spells Poisonous Vapours and Corpse Rot to your
                  | library.
  1835 | D:2      | Reached skill level 2 in Armour
  2052 | D:2      | Reached skill level 2 in Axes
  2220 | D:3      | Found a faded altar of an unknown god.
  2441 | D:3      | Reached XP level 4. HP: 17/39 MP: 3/3
  2766 | D:3      | Identified the +3 plate armour of the Engineer {Harm Int-5
                  | Dex+5}
  3082 | D:4      | Noticed Menkaure
  3082 | D:4      | Noticed Natasha
  3101 | D:4      | Noticed an ogre
  3133 | D:3      | HP: 3/40 [ogre (16)]
  3445 | D:3      | HP: 2/40 [ogre (33)]
  3738 | D:3      | Killed an ogre
  3739 | D:3      | Reached skill level 4 in Fighting
  3739 | D:3      | Reached skill level 3 in Axes
  3739 | D:3      | Reached skill level 3 in Armour
  3739 | D:3      | Reached XP level 5. HP: 46/46 MP: 4/4
  3993 | D:4      | Noticed a lemure
  3994 | D:4      | Noticed a lemure
  4014 | D:4      | Killed Natasha
  4041 | D:4      | Found a burning altar of Makhleb.
  4046 | D:4      | Noticed Natasha
  4049 | D:4      | HP: 3/47 [orc priest/divine providence (11)]
  4058 | D:4      | Slain by a lemure

Vanquished Creatures
  An ogre (D:3)
  An iguana (D:3)
  Natasha (D:4)
  An adder (D:4)
  An adder skeleton (D:4)
  A worm (D:2)
  A dart slug (D:4)
  An orc (D:3)
  5 ball pythons
  7 endoplasms
  3 giant cockroaches
  7 goblins
  3 hobgoblins
  10 jackals
  2 quokkas (D:3)
  2 bats (D:3)
  2 frilled lizards
  5 kobolds
  6 rats
60 creatures vanquished.

Table legend:
 A = Non-vault XP
 B = Vault XP
 C = Vault XP percentage of total XP
 D = Non-vault monster count
 E = Vault monster count
 F = Vault count percentage of total count
                 A         B        C        D         E       F
            +---------+---------+-------+---------+---------+-------
      Total |     279 |      35 |  11.1 |      59 |       1 |   1.7
            +---------+---------+-------+---------+---------+-------
        D:1 |      33 |       0 |   0.0 |      19 |       0 |   0.0
        D:2 |      28 |       0 |   0.0 |      14 |       0 |   0.0
        D:3 |     189 |       0 |   0.0 |      19 |       0 |   0.0
        D:4 |      29 |      35 |  54.7 |       7 |       1 |  12.5
            +---------+---------+-------+---------+---------+-------

Illustrated notes

Table legend:
 A = Kills in this place as a percentage of kills in entire the game.
 B = Kills by you in this place as a percentage of kills by you in the entire game.
 C = Kills by friends in this place as a percentage of kills by friends in the entire game.
 D = Other kills in this place as a percentage of other kills in the entire game.
 E = Experience gained in this place as a percentage of experience gained in the entire game.
 F = Experience gained in this place divided by the number of levels of this place that you have seen.
                   A       B       C       D       E      F
               +-------+-------+-------+-------+-------+----------------------
         Total | 100.0 | 100.0 |   N/A |   N/A | 100.0 |  78.5
       Dungeon | 100.0 | 100.0 |   N/A |   N/A | 100.0 |  78.5
               +-------+-------+-------+-------+-------+----------------------

Table legend: (Time is in decaauts)
 A = Elapsed time spent in this place.
 B = Non-inter-level travel time spent in this place.
 C = Inter-level travel time spent in this place.
 D = Time resting spent in this place.
 E = Time spent auto-exploring this place.
 F = Levels seen in this place.
 G = Mean time per level.
                   A        B        C        D        E       F      G
               +--------+--------+--------+--------+--------+-----+--------+
         Total |   4050 |   3848 |    202 |    677 |   2609 |   4 | 1012.5 |
       Dungeon |   4050 |   3848 |    202 |    677 |   2609 |   4 | 1012.5 |
               +--------+--------+--------+--------+--------+-----+--------+

Top non-repeatable levels by time:
     D:2: 1589 daAuts
     D:3: 1168 daAuts
     D:1: 1125 daAuts
     D:4: 167 daAuts
